 Dungeon Crawl Stone Soup version 0.29-a0-283-ga02f740833 (webtiles) character file.

Game seed: 13321647110435902465

471 Pizon the Vexing (level 6, 0/28 HPs)
             Began as a Spriggan Enchanter on Mar 13, 2022.
             Slain by Pikel
             ... wielding a +2 whip of freezing
              (2 damage)
             ... on level 4 of the Dungeon.
             The game lasted 00:12:14 (3425 turns).

Pizon the Vexing (Spriggan Enchanter)               Turns: 3425, Time: 00:12:20

Health: 0/28       AC:  5    Str:  6    XL:     6   Next: 83%
Magic:  9/16       EV: 17    Int: 16    God:
Gold:   1101       SH:  0    Dex: 16    Spells: 9/17 levels left

rFire   . . .      SeeInvis +   a - +1 dagger (vamp)
rCold   . . .      Faith    .   (no shield)
rNeg    . . .      Spirit   .   b - +0 robe
rPois   .          Reflect  .   (helmet restricted)
rElec   .          Harm     .   h - +2 cloak
rCorr   .          Rampage  .   (gloves unavailable)
Will    +....                   (boots unavailable)
Stlth   +++.......              (no amulet)
HPRegen 0.09/turn               (no ring)
MPRegen 0.15/turn               (no ring)

@: brilliant, very quick
A: very small, no large weapons, unfitting armour, see invisible, speed 3,
antennae 2, MP-powered wands
a: no special abilities


You were on level 4 of the Dungeon.
You visited 1 branch of the dungeon, and saw 5 of its levels.

You collected 1241 gold pieces.
You spent 140 gold pieces at shops.

Inventory:

Hand Weapons
 a - a +1 vampiric dagger (weapon)
 i - a +1 short sword of electrocution
Missiles
 d - 6 boomerangs (quivered)
Armour
 b - a +0 robe (worn)
 h - a +2 cloak (worn)
Wands
 f - a wand of acid (8)
 j - a wand of polymorph (1)
Scrolls
 e - 2 scrolls of teleportation
 l - a scroll of identify
Potions
 c - 2 potions of invisibility
 g - 2 potions of mutation
 k - 2 potions of flight


   Skills:
 - Level 1.1 Short Blades
 - Level 2.6 Dodging
 + Level 6.3 Stealth
 + Level 6.1 Spellcasting
 + Level 6.6 Hexes


You had 9 spell levels left.
You knew the following spells:

 Your Spells              Type           Power      Damage    Failure   Level
a - Ensorcelled Hibernat  Hex/Ice        46%        N/A       5%          2
b - Tukima's Dance        Hex            39%        N/A       2%          3
d - Confusing Touch       Hex            39%        N/A       2%          3

Your spell library contained the following spells:

 Spells                   Type           Power      Damage    Failure   Level
 Dazzling Flash           Conj/Hex       46%        N/A       11%         3
 Summon Guardian Golem    Hex/Summ       23%        N/A       11%         3
 Apportation              Tloc           14%        N/A       14%         1
 Summon Small Mammal      Summ           28%        N/A       14%         1
 Call Canine Familiar     Summ           7%         N/A       38%         3
 Alistair's Intoxication  Tmut/Pois      4%         N/A       98%         5


Dungeon Overview and Level Annotations

Branches:
Dungeon (5/15)
 Temple: D:4-7

Altars:
Yredelemnul
The Shining One

Shops:
D:2 *

Annotations:
D:4 Pikel


Innate Abilities, Weirdness & Mutations

You are very small and have problems with some larger weapons.
You are too small for most types of armour.
You have supernaturally acute eyesight. (SInv)
You cover ground extremely quickly. (Speed+++)
You have a pair of antennae on your head.
You expend magic power (3 MP) to strengthen your wands.


Message History

The lemure hits you!
Casting: Ensorcelled Hibernation (safe; 5% risk of failure)
Confirm with . or Enter, or press ? or * to list all spells.
Okay, then.
Casting: Ensorcelled Hibernation (safe; 5% risk of failure)
Confirm with . or Enter, or press ? or * to list all spells.
Aiming: Ensorcelled Hibernation (safe; 5% risk of failure)
Press: ? - help, Shift-Dir - straight line, f/p - lemure
Aim: a lemure (lightly wounded, chance to affect: 49%)
The lemure looks drowsy...
Unknown command.
The helpless lemure fails to defend itself.
You impale the lemure!!
You kill the lemure!
That felt strangely unrewarding.
Casting: Ensorcelled Hibernation (safe; 5% risk of failure)
Confirm with . or Enter, or press ? or * to list all spells.
Aiming: Ensorcelled Hibernation (safe; 5% risk of failure)
Press: ? - help, Shift-Dir - straight line, f - Pikel
Aim: Pikel, wielding a +2 whip of freezing, wearing a +0 robe and carrying a wand of iceblast (5) (chance to affect: 49%) Pikel resists with some effort.
Pikel hits you with a +2 whip of freezing.
Pikel freezes you.
* * * LOW HITPOINT WARNING * * *
It was a potion of brilliance.
You feel clever all of a sudden. Pikel barely misses you.
Casting: Ensorcelled Hibernation (safe; 5% risk of failure)
Confirm with . or Enter, or press ? or * to list all spells.
Aiming: Ensorcelled Hibernation (safe; 5% risk of failure)
Press: ? - help, Shift-Dir - straight line, f/p - Pikel
Aim: Pikel, wielding a +2 whip of freezing, wearing a +0 robe and carrying a wand of iceblast (5) (chance to affect: 55%)
You feel a surge of power!
Pikel looks drowsy...
The helpless Pikel fails to defend himself.
You impale Pikel!!
Pikel is almost dead.
Pikel hits you with a +2 whip of freezing.
* * * LOW HITPOINT WARNING * * *
Pikel freezes you.
You die...

#............##....# .
####.....##.#...##....# #..
.......)........##....# #+#+#....
.....###.##.#.........###........
.........#............+.K........
...........###.#.#....###.#.....#
.........#.###.#55..5..K........#
.............#.#K########.......#
###....###.....#@###### #.##....#
#....#.#............# #.# ###.#
##...#'#...#........# ... #
#.........#........# ### ###
#..#...#..#.###...... #.....
####...####.# ...... #.###. #._.#
#.. ...... #. #...# ### ...... #.
##### ... #.


You could see Pikel and 2 lemures.

Vanquished Creatures
  A human (D:4)
  Pargi (D:3)
  2 lemures (D:4)
  An orc priest (D:5)
  A human skeleton (D:4)
  An iguana (D:5)
  Natasha (thrice) (D:2)
  3 adders
  A worm (D:4)
  A dart slug (D:1)
  An orc (D:5)
  4 giant cockroaches
  5 goblins
  4 hobgoblins
  2 jackals (D:3)
  5 kobolds
  5 quokkas
  2 ball pythons
  9 bats
  2 frilled lizards
  A rat (D:1)
55 creatures vanquished.

Vanquished Creatures (collateral kills)
  An orc (D:4)
  A giant cockroach (D:4)
2 creatures vanquished.

Grand Total: 57 creatures vanquished

Notes
Turn   | Place    | Note
-------+----------+-------------------------------------------
     0 | D:1      | Pizon the Spriggan Enchanter began the quest for the Orb.
     0 | D:1      | Reached XP level 1. HP: 9/9 MP: 5/5
   551 | D:1      | Reached XP level 2. HP: 6/13 MP: 7/7
   768 | D:1      | Learned a level 2 spell: Ensorcelled Hibernation
  1262 | D:2      | Reached XP level 3. HP: 16/16 MP: 9/9
  1266 | D:2      | Learned a level 3 spell: Tukima's Dance
  1270 | D:2      | Learned a level 3 spell: Confusing Touch
  1384 | D:2      | Noticed Natasha
  1426 | D:2      | Killed Natasha
  1439 | D:2      | Gained mutation: You have a pair of small antennae on your
                  | head. [potion of mutation]
  1439 | D:2      | Gained mutation: You expend magic power (3 MP) to
                  | strengthen your wands. [potion of mutation]
  1439 | D:2      | Gained mutation: You have a pair of antennae on your head.
                  | [potion of mutation]
  1464 | D:2      | Found a faded altar of an unknown god.
  1499 | D:2      | Found Homono Vyicw's General Store.
  1528 | D:2      | Bought a scroll of teleportation for 30 gold pieces
  1600 | D:2      | Noticed Natasha
  1617 | D:2      | Killed Natasha
  1618 | D:2      | Reached skill level 5 in Hexes
  1618 | D:2      | Reached XP level 4. HP: 16/21 MP: 0/11
  1882 | D:2      | Identified a scroll of acquirement
  1882 | D:2      | Acquired 1084 gold pieces
  1922 | D:2      | Noticed Natasha
  1929 | D:2      | Killed Natasha
  1946 | D:2      | Bought a scroll of identify for 20 gold pieces
  1946 | D:2      | Bought 2 potions of flight for 60 gold pieces
  1946 | D:2      | Bought a scroll of teleportation for 30 gold pieces
  1977 | D:3      | You fall into a shaft and drop 2 floors!
  1977 | D:5      | Entered Level 5 of the Dungeon
  1977 | D:5      | Found the +8 storm bow {elec, penet}
  2014 | D:5      | Reached skill level 5 in Spellcasting
  2014 | D:5      | Reached XP level 5. HP: 24/24 MP: 11/13
  2323 | D:5      | Noticed a troll
  2489 | D:3      | Noticed Pargi
  2500 | D:3      | Killed Pargi
  2501 | D:3      | Reached skill level 5 in Stealth
  2501 | D:3      | Reached XP level 6. HP: 28/28 MP: 4/15
  2785 | D:3      | Found a glowing golden altar of the Shining One.
  3222 | D:4      | Noticed a human
  3231 | D:4      | Found a runed translucent door.
  3236 | D:4      | Found a basalt altar of Yredelemnul.
  3273 | D:4      | Killed a human
  3379 | D:4      | Noticed Pikel
  3425 | D:4      | Slain by Pikel

Illustrated notes

Levels and vault maps discovered:
D:1:      wander_arrival_abandoned_jail, layout_basic, serial_corexii_hall,
          corexii_hall_statues_l, corexii_hall_statues_deadend,
          minmay_pentomino_z2
D:2:      layout_rooms, hellmonk_ecumenical_altar_run_dry, serial_shops,
          nicolae_shop_trees, uniq_natasha
D:3:      layout_rooms, tso_oasis_becter, uniq_pargi
D:4:      layout_basic, dk_yredelemnul_ordeal, ebering_ghost_disaster_area,
          uniq_pikel
D:5:      layout_rooms, minmay_temple_entry_enclosed_plants

Skill      XL: |  1  2  3  4  5  6 |
---------------+-------------------+-----
Spellcasting   | 3 4 5 6 |  6.1
Hexes          | 4 5 6 |  6.6
Stealth        | 5 6 |  6.3
Short Blades   | |  1.1
Dodging        | |  2.6

Action                   |  1- 3 |  4- 6 || total
-------------------------+-------+-------++-------
Melee: Dagger            |    92 |   106 ||   198
       Punch             |     1 |     1 ||     2
Throw: Boomerang         |     8 |       ||     8
 Cast: Ensorcelled Hiber |    13 |    30 ||    43
       Confusing Touch   |     1 |     2 ||     3
       Tukima's Dance    |       |     1 ||     1
Evoke: Wand              |       |     2 ||     2
  Use: Scroll            |     6 |     4 ||    10
       Potion            |     2 |     2 ||     4
 Stab: Sleeping          |    13 |    21 ||    34
       Confused          |     1 |     3 ||     4
Armor: Robe              |    25 |    16 ||    41
       Skin              |    10 |       ||    10
Dodge: Dodged            |    84 |    79 ||   163

Table legend: (Time is in decaauts)
 A = Elapsed time spent in this place.
 B = Non-inter-level travel time spent in this place.
 C = Inter-level travel time spent in this place.
 D = Time resting spent in this place.
 E = Time spent auto-exploring this place.
 F = Levels seen in this place.
 G = Mean time per level.
                   A        B        C        D        E       F      G
               +--------+--------+--------+--------+--------+-----+--------+
         Total |   2684 |   2586 |     98 |    769 |   1205 |   5 |  536.8 |
       Dungeon |   2684 |   2586 |     98 |    769 |   1205 |   5 |  536.8 |
               +--------+--------+--------+--------+--------+-----+--------+

Top non-repeatable levels by time:
     D:1: 838 daAuts
     D:2: 657 daAuts
     D:3: 458 daAuts
     D:4: 399 daAuts
     D:5: 330 daAuts
